 Dungeon Crawl Stone Soup version 0.17.1-1-g73c8601 (console) character file.

409 Kloppie the Skirmisher (level 6, -6/60 HPs)
             Began as a Hill Orc Fighter on Dec 11, 2015.
             Mangled by Duvessa
             ... wielding a +1 rapier of electrocution
              (18 damage)
             ... on level 5 of the Dungeon.
             The game lasted 00:07:58 (3885 turns).

Kloppie the Skirmisher (Hill Orc Fighter)           Turns: 3885, Time: 00:07:58

Health: -6/60      AC:  9    Str: 19    XL:     6   Next: 89%
Magic:  6/6        EV:  7    Int:  8    God:
Gold:   252        SH:  9    Dex: 12    Spells: 0 memorised, 5 levels left

rFire  . . .     SeeInvis .     a - +0 war axe
rCold  . . .     Clarity  .     b - +0 scale mail
rNeg   + . .     SustAt   .     c - +0 shield
rPois  .         Gourm    .     w - +0 helmet
rElec  .         Spirit   .     (no cloak)
rCorr  .         Warding  +     v - +0 pair of gloves
rMut   .         Stasis   .     (no boots)
MR     .....                    y - amulet of warding
Stlth  ..........               (no ring)
                                (no ring)

@: not resistant to hostile enchantments, extremely unstealthy
A: no striking features
a: no special abilities


You were on level 5 of the Dungeon.
You were not hungry.

You visited 2 branches of the dungeon, and saw 6 of its levels.

You collected 252 gold pieces.

Inventory:

Hand Weapons
 a - a +0 war axe (weapon)
Armour
 b - a +0 scale mail (worn)
 c - a +0 shield (worn)
 v - a +0 pair of gloves (worn)
 w - a +0 helmet (worn)
Jewellery
 y - an amulet of warding (around neck)
Wands
 r - a wand of random effects (32)
 t - a wand of magic darts (19)
 x - a wand of fire (4)
Scrolls
 g - 9 scrolls of identify {unknown}
 j - 2 scrolls of amnesia {unknown}
 k - 3 scrolls of teleportation {unknown}
 l - 3 scrolls of fear {unknown}
 o - a scroll of blinking {unknown}
 p - 2 scrolls of fog {unknown}
 q - 2 scrolls of remove curse {unknown}
 s - 4 scrolls of recharging {unknown}
 u - 2 scrolls of enchant armour {unknown}
 E - a scroll of noise {unknown}
Potions
 d - 2 potions of might
 f - a potion of haste {unknown}
 h - a potion of magic {unknown}
 i - a potion of degeneration {unknown}
 n - a potion of ambrosia {unknown}
 A - 4 potions of curing {unknown}
Books
 B - a Fen Folio

   Spells                             Type                      Level
   a - Corpse Rot                     Necromancy                   2
   b - Stone Arrow                    Conjuration/Earth            3
   c - Leda's Liquefaction            Hexes/Earth                  4
   d - Summon Forest                  Summoning/Translocation      5
   e - Hydra Form                     Transmutation                6
   f - Summon Hydra                   Summoning                    7
Comestibles
 e - 7 bread rations
 m - 5 fruits
 z - a beef jerky
 C - 2 meat rations


   Skills:
 + Level 7.2 Fighting
 + Level 6.4 Axes
 - Level 3.2 Armour
 - Level 3.2 Shields


You had 5 spell levels left.
You didn't know any spells.

Dungeon Overview and Level Annotations

Branches:
Dungeon (5/15)             Temple (1/1) D:4

Altars:
Cheibriados
Dithmenos
Fedhas
Gozag
Kikubaaqudgha
Makhleb
Okawaru
Qazlal
Sif Muna
Trog
Vehumet
Xom
Yredelemnul

Annotations:
D:5 Dowan, Duvessa


Message History

You barely miss Duvessa.
Duvessa is moderately wounded.
Duvessa hits you with a rapier of electrocution.
You hit Duvessa but do no damage.
Duvessa is moderately wounded.
Duvessa hits you but does no damage.
You are electrocuted!
You completely miss Duvessa.
Duvessa is moderately wounded.
Duvessa hits you with a rapier of electrocution.
You are electrocuted!
* * * LOW HITPOINT WARNING * * *
You hit Duvessa.
Duvessa is moderately wounded.
You block Duvessa's attack.
You hit Duvessa.
Duvessa is heavily wounded.
Duvessa hits you with a rapier of electrocution!
* * * LOW HITPOINT WARNING * * *
You are electrocuted!
You die...

#.........#
#.####.####
###.##...#
#......###
#......##########
#................
#......##.#.####
#.[....##.#
#.#.##.##@#
#.#.##.##e#
#.#.##..#.#
....###.#.# ##
.#.. .## . .


You could see Duvessa.

Vanquished Creatures
  2 ogres
  2 worker ants (D:4)
  2 hounds (D:4)
  5 adders
  3 oozes
  An adder skeleton (D:5)
  A worm (D:2)
  2 giant geckos
  4 orcs
  7 hobgoblins
  12 jackals
  5 quokkas
  A ball python (D:2)
  9 bats
  4 giant cockroaches
  A giant gecko skeleton (D:4)
  5 giant newts
  5 goblins
  4 kobolds
  A quokka skeleton (D:3)
  A quokka zombie (D:5)
  11 rats
88 creatures vanquished.

Notes
Turn   | Place    | Note
--------------------------------------------------------------
     0 | D:1      | Kloppie the Hill Orc Fighter began the quest for the Orb.
     0 | D:1      | Reached XP level 1. HP: 19/19 MP: 1/1
    90 | D:1      | Reached skill level 4 in Fighting
    90 | D:1      | Reached XP level 2. HP: 22/27 MP: 2/2
   400 | D:1      | Reached XP level 3. HP: 29/34 MP: 3/3
   869 | D:2      | Reached skill level 5 in Fighting
   948 | D:2      | Reached XP level 4. HP: 42/42 MP: 4/4
  2128 | D:3      | Reached XP level 5. HP: 46/49 MP: 5/5
  2377 | D:4      | Reached skill level 6 in Fighting
  2377 | D:4      | Reached skill level 5 in Axes
  2503 | D:4      | Noticed an ogre
  2531 | D:4      | Killed an ogre
  2531 | D:4      | Reached XP level 6. HP: 4/58 MP: 6/6
  2890 | D:4      | Found a staircase to the Ecumenical Temple.
  3116 | Temple   | Entered the Ecumenical Temple
  3584 | D:5      | Entered Level 5 of the Dungeon
  3633 | D:5      | Reached skill level 7 in Fighting
  3872 | D:5      | Noticed Dowan
  3874 | D:5      | Noticed Duvessa
  3885 | D:5      | Mangled by Duvessa

Action                   |  1- 3 |  4- 6 || total
-------------------------+-------+-------++-------
Melee: War axe           |    74 |   194 ||   268
  Use: Potion            |       |     1 ||     1
  Eat: Chunk             |       |    10 ||    10
